 Dungeon Crawl Stone Soup version 0.17.2-1-ge4368a0 (webtiles) character file.

760 Goblin1989 the Cutter (level 7, 0/35 HPs)
             Began as a Spriggan Gladiator on Nov 20, 2016.
             Slain by a wight
             ... wielding a cursed +3 mace of freezing
              (8 damage)
             ... on level 6 of the Dungeon.
             The game lasted 00:14:16 (4142 turns).

Goblin1989 the Cutter (Spriggan Gladiator)          Turns: 4142, Time: 00:14:17

Health: 0/35       AC:  6    Str: 11      XL:     7   Next: 51%
Magic:  8/8        EV: 20    Int: 10 (11) God:
Gold:   283        SH:  6    Dex: 17      Spells: 0 memorised, 6 levels left

rFire  . . .     SeeInvis +     a - +0 rapier
rCold  . . .     Clarity  +     b - +0 robe
rNeg   . . .     SustAt   .     x - +0 buckler
rPois  .         Gourm    .     c - +0 hat
rElec  .         Spirit   .     s - +1 cloak
rCorr  +         Warding  .     (gloves unavailable)
rMut   .         Stasis   .     (boots unavailable)
MR     +....                    g - amulet of resist corrosion
Stlth  +++.......               (no ring)
                                (no ring)

@: very slightly contaminated, hasted, drained, very quick, somewhat resistant
to hostile enchantments, fairly stealthy
A: unfitting armour, yellow scales 1, see invisible, clarity, herbivore 3, speed
3, slow metabolism 2
a: no special abilities


You were on level 6 of the Dungeon.
You were not hungry.

You visited 1 branch of the dungeon, and saw 6 of its levels.

You collected 337 gold pieces.
You spent 54 gold pieces at shops.

Inventory:

Hand Weapons
 a - a +0 rapier (weapon)
Missiles
 d - 114 stones (quivered)
 f - 32 sling bullets
 h - 7 needles of sleeping
 n - 7 needles of confusion
 w - 56 bolts
 B - 14 sling bullets of flame
 Z - 3 throwing nets {=f, !d}
Armour
 b - a +0 robe (worn)
 c - a +0 hat (worn)
 s - a +1 cloak (worn)
 x - a +0 buckler (worn)
Jewellery
 g - an amulet of resist corrosion (around neck)
Wands
 r - a wand of hasting (0) {!v, @v3}
Scrolls
 m - a scroll of amnesia {unknown}
 o - 3 scrolls of recharging
 t - a scroll of fear {unknown}
 u - a scroll of immolation {!r}
 y - 2 scrolls of noise {!r}
 z - a scroll of remove curse {@r2}
 T - 2 scrolls of teleportation {!r, @r4}
Potions
 l - a potion of flight
 q - 2 potions of agility
 v - 3 potions of curing {@q1}
Comestibles
 e - 2 bread rations {@e1}
 k - a slice of pizza


   Skills:
 + Level 2.7(2.2) Fighting
 * Level 6.8(6.3) Short Blades
 - Level 2.0(1.5) Throwing
 + Level 6.1(5.6) Dodging
 - Level 5.5(5.0) Stealth
 + Level 2.0(1.5) Shields


You had 6 spell levels left.
You didn't know any spells.

Dungeon Overview and Level Annotations

Branches:
Dungeon (6/15)
 Temple: D:4-7

Altars:
Ashenzari
Makhleb
Sif Muna

Shops:
D:4 [

Annotations:
D:4 Goblin1989's ghost, amateur DsAr


Innate Abilities, Weirdness & Mutations

You are tiny and cannot use many weapons and most armour.
You have supernaturally acute eyesight.
You are a herbivore.
You cover ground extremely quickly.
You need consume almost no food.
You are partially covered in yellow scales (AC +2).
You possess an exceptional clarity of mind.


Message History

You hit the wight.
The wight is severely damaged.
The wight misses you.
You hit the wight but do no damage.
The wight is severely damaged.
You hit the wight but do no damage.
The wight is severely damaged.
You block the wight's attack.
You hit the wight.
The wight is almost destroyed.
You hit the wight.
You destroy the wight!
Your base Shields skill increases to level 2!
Unknown command.
You closely miss the wight. You block the wight's attack.
You closely miss the wight. You hit the wight.
The wight is heavily damaged.
The wight hits you with a mace of freezing!
You die... █......█ █......█ ██......█ ████

█.......█ █..█ .
█....z..████..██ .. █
█....███........██
█.█████.███..███......██
███...███..............█
..█.⌂.█@zz...$██......██
███...███....███.....███
█.██▲██.███..█ █.█......


████ . .█....██████.█...███ █.... ██.██................. █.....
█...█......)..████████ █.....██...██.......████ █.....█.....█.......<>..
█.....█.†...█......████. ██ You could see 2 wights.

Vanquished Creatures
  Sigmund (D:5)
  An ogre (D:5)
  A big kobold (D:5)
  A wight (D:6)
  2 crimson imps
  2 orc wizards (D:5)
  Jessica (D:2)
  An orc priest (D:5)
  2 worker ants
  2 gnolls (D:3)
  8 adders
  2 shadow imps
  3 worms (D:2)
  A giant gecko (D:2)
  10 orcs
  A ball python (D:2)
  8 bats
  2 goblins
  8 hobgoblins
  10 jackals
  2 quokkas
  2 giant cockroaches
  A giant gecko zombie (D:5)
  A giant newt (D:1)
  8 kobolds
  6 rats
  A butterfly (D:4)
88 creatures vanquished.

Notes
Turn   | Place    | Note
--------------------------------------------------------------
     0 | D:1      | Goblin1989 the Spriggan Gladiator began the quest for the Orb.
     0 | D:1      | Reached XP level 1. HP: 10/10 MP: 2/2
   113 | D:1      | Reached skill level 1 in Stealth
   182 | D:1      | Reached XP level 2. HP: 14/14 MP: 3/3
   878 | D:2      | Reached XP level 3. HP: 18/18 MP: 4/4
   970 | D:2      | Noticed Jessica
   977 | D:2      | Killed Jessica
  1127 | D:2      | Reached XP level 4. HP: 12/22 MP: 5/5
  1353 | D:2      | Found a deep blue altar of Sif Muna.
  1561 | D:3      | Reached skill level 5 in Short Blades
  1950 | D:4      | Found Gaisu's Armour Boutique.
  1959 | D:4      | Bought a +0 buckler for 54 gold pieces
  2318 | D:3      | Found a burning altar of Makhleb.
  2334 | D:3      | Reached XP level 5. HP: 22/26 MP: 6/6
  2595 | D:4      | Reached skill level 1 in Shields
  2599 | D:4      | Noticed Goblin1989's ghost (amateur DsAr)
  2647 | D:5      | Entered Level 5 of the Dungeon
  2722 | D:5      | Noticed Sigmund
  2740 | D:5      | Killed Sigmund
  2740 | D:5      | Reached skill level 6 in Short Blades
  2740 | D:5      | Reached skill level 5 in Dodging
  2740 | D:5      | Reached XP level 6. HP: 30/30 MP: 7/7
  2922 | D:5      | HP: 1/31 [orc wizard/dagger (3)]
  2927 | D:5      | Gained mutation: You possess an exceptional clarity of mind. [potion of beneficial mutation]
  2952 | D:5      | Gained mutation: You are partially covered in yellow scales (AC +2). [potion of beneficial mutation]
  2962 | D:5      | Reached skill level 5 in Stealth
  3542 | D:5      | Reached XP level 7. HP: 27/35 MP: 8/8
  3590 | D:5      | Noticed an ogre
  3595 | D:5      | Killed an ogre
  4055 | D:6      | Found a shattered altar of Ashenzari.
  4142 | D:6      | Slain by a wight

Action                   |  1- 3 |  4- 6 |  7- 9 || total
-------------------------+-------+-------+-------++-------
Melee: Rapier            |    64 |   263 |   107 ||   434
Evoke: Wand              |       |       |     1 ||     1
  Use: Scroll            |     5 |     1 |     4 ||    10
       Potion            |       |     6 |       ||     6
 Stab: Sleeping          |    10 |     6 |     4 ||    20
       Distracted        |       |     1 |       ||     1
  Eat: Fruit             |       |       |     3 ||     3

Vault maps used:
D:1:      evilmike_arrival_crescent
D:2:      lemuel_coloured_pillars_altar, uniq_jessica
D:3:      makhleb_grotto_becter, minivault_14
D:4:      minmay_temple_entry_butterflies, serial_shops, shop, first_bread
D:5:      minmay_misc_feat_iff, uniq_sigmund
D:6:      nicolae_ashenzari_panopticon, basic_altar, kennysheep_generic_room_9
